 Dungeon Crawl Stone Soup version 0.14-a0-1844-g8283a67 (webtiles) character file.

185 M4edhros the Poker (level 4, -5/31 HPs)
             Began as an Octopode Chaos Knight on Jan 12, 2014.
             Was a Plaything of Xom.
             Slain by a gnoll
             ... wielding a +0,+4 spear of chaos
              (7 damage)
             ... on Level 3 of the Dungeon.
             The game lasted 00:02:11 (1825 turns).

M4edhros the Poker (Octopode Chaos Knight)          Turns: 1825, Time: 00:02:12

HP  -5/31        AC  1     Str 11      XL: 4   Next: 10%
MP   4/4         EV  9     Int 15      God: Xom
Gold 122         SH 13     Dex 11      Spells:  0 memorised,  3 levels left

rFire  . . .     SeeInvis .     a - +0 spear (chaos)
rCold  . . .     Clarity  .     m - +0 shield (curse)
rNeg   . . .     Conserve .     (helmet restricted)
rPois  .         rCorr    .     (no amulet)
rElec  .         rRot     .     (no ring)
SustAb . .       Spirit   .     (no ring)
rMut   .         Warding  .     (no ring)
Saprov . . .     Stasis   .     (no ring)
                                (no ring)
                                (no ring)
                                (no ring)
                                (no ring)

@: mildly poisoned, slightly resistant to hostile enchantments, fairly stealthy
A: almost no armour, amphibious, 8 rings, constrict 8, camouflage 1, gelatinous
body 1
a: Renounce Religion


You were on level 3 of the Dungeon.
You worshipped Xom.
You were Xom's teddy bear.
You were near starving.

You visited 1 branch of the dungeon, and saw 3 of its levels.

You collected 122 gold pieces.

Inventory:

Hand weapons
 a - a +0,+0 spear of chaos (weapon)
Armour
 m - a cursed +0 shield (worn)
Comestibles
 c - 3 bread rations
 f - a choko
 l - a meat ration
Scrolls
 b - a scroll of recharging {unknown}
 d - a scroll of remove curse {unknown}
 e - a scroll of enchant armour {unknown}
 g - 2 scrolls of enchant weapon I {unknown}
 h - a scroll of noise {unknown}
 i - a scroll of teleportation {unknown}
 j - a scroll of curse weapon {unknown}
 k - 2 scrolls of identify {unknown}
 n - a scroll of curse armour {unknown}


   Skills:
 - Level 3.0 Fighting
 + Level 4.8 Polearms
 - Level 2.3 Dodging


You had 3 spell levels left.
You didn't know any spells.

Dungeon Overview and Level Annotations

Branches:
Dungeon (3/16)

Altars:
Ashenzari


Innate Abilities, Weirdness & Mutations

You cannot wear most types of armour.
You are amphibious.
You can wear up to eight rings at the same time.
You can use your tentacles to constrict many enemies at once.
Your skin changes colour to match your surroundings (Stlth).
Your rubbery body absorbs attacks (AC +1).


Message History

You grab the gnoll. You squeeze the gnoll.
The gnoll is moderately wounded.
* * * LOW HITPOINT WARNING * * *
You feel sick.
You constrict the gnoll. The bat barely misses you. The bat barely misses you.
The gnoll unwields an uncursed whip.
The gnoll drops an uncursed whip.
The gnoll picks up a spear of chaos.
The gnoll wields a spear of chaos.
It is briefly surrounded by a scintillating aura of random colours.
You hit the gnoll. You burn the gnoll.
The gnoll is severely wounded.
You constrict the gnoll. The bat hits you.
* * * LOW HITPOINT WARNING * * *
You block the gnoll's attack.
Unknown command.
You hit the gnoll but do no damage.
The gnoll is severely wounded.
* * * LOW HITPOINT WARNING * * *
You feel sick.
You constrict the gnoll. You block the bat's attack.
The gnoll hits you with a spear of chaos!
You die...

#.# #.##g.#...#
#.####.g..#....# g
#g#...g.####..#.(
#.#.###...# ..####
#.#.# ##..#......
#.#.# #g...#...
#g#.# #.####..#
#.#.# #g# ..#
#.#@####.####..#
#.gb...........#
########.#.##g#.....
#.#.# ... ... #.#.#
##g.. . #.#.# ###..
#.#.# #.#.# #.#..


You could see a gnoll and a bat.

Vanquished Creatures
  A gnoll (D:3)
  2 adders
  A giant gecko (D:2)
  A ball python (D:1)
  3 bats
  3 giant cockroaches
  8 goblins
  2 hobgoblins
  3 kobolds (D:2)
  4 quokkas
  4 giant newts
32 creatures vanquished.

Notes
Turn   | Place    | Note
--------------------------------------------------------------
     0 | D:1      | M4edhros, the Octopode Chaos Knight, began the quest for the Orb.
     0 | D:1      | Reached XP level 1. HP: 16/16 MP: 1/1
   215 | D:1      | Reached XP level 2. HP: 17/21 MP: 2/2
   227 | D:1      | XOM: divination: detect creatures
   319 | D:1      | XOM: harmless Divn miscast
   739 | D:2      | XOM: silly message
   862 | D:2      | Reached skill level 4 in Polearms
  1017 | D:2      | XOM: harmless Chrm miscast
  1021 | D:2      | Reached XP level 3. HP: 26/26 MP: 3/3
  1045 | D:2      | Found a shattered altar of Ashenzari.
  1637 | D:3      | XOM: divination: detect creatures
  1773 | D:3      | XOM: chaos upgrade
  1822 | D:3      | Reached XP level 4. HP: 4/31 MP: 4/4
  1825 | D:3      | HP: 1/31 [poisoned by a gnoll]
  1825 | D:3      | Slain by a gnoll

Action                   |  1- 3 |  4- 6 || total
-------------------------+-------+-------++-------
Melee: Spear             |    85 |     3 ||    88
  Use: Potion            |     4 |       ||     4
       Scroll            |     1 |       ||     1
 Stab: Sleeping          |     2 |       ||     2
       Distracted        |     1 |       ||     1
